 Dungeon Crawl Stone Soup version 0.30.1-11-g7821555f0a (webtiles) character file.

Game seed: 3475604042733428049

49 porpoise the Shooter (level 3, -2/31 HPs)
             Began as a Minotaur Hunter on Dec 26, 2023.
             Slain by Natasha (6 damage)
             ... on level 2 of the Dungeon.
             The game lasted 00:01:48 (826 turns).

porpoise the Shooter (Minotaur Hunter)               Turns: 826, Time: 00:01:49

Health: -2/31      AC:  3    Str: 15    XL:     3   Next: 51%
Magic:  2/2        EV: 12    Int:  6    God:
Gold:   58         SH:  0    Dex: 15    Spells: 2/2 levels left

rFire   . . .        a - +0 shortbow
rCold   . . .        (shield currently unavailable)
rNeg    . . .        c - +0 leather armour
rPois   .            (helmet restricted)
rElec   .            (no cloak)
rCorr   .            (no gloves)
SInv    .            (no boots)
Will    .....        (no amulet)
Stlth   +            (no ring)
HPRegen 0.25/turn    (no ring)
MPRegen 0.08/turn

%: no passive effects
@: no status effects
A: horns 2, retaliatory headbutt
a: no special abilities


You were on level 2 of the Dungeon.
You visited 1 branch of the dungeon, and saw 2 of its levels.

You collected 58 gold pieces.

Inventory:

Hand Weapons
 a - a +0 shortbow (weapon)
Missiles
 f - 3 atropa-tipped darts
 h - 6 poisoned darts
Armour
 c - a +0 leather armour (worn)
Scrolls
 b - 2 scrolls of immolation
 d - 2 scrolls of amnesia {unknown}
 e - a scroll of identify {unknown}
 i - a scroll of brand weapon {unknown}
 k - a scroll of blinking {unknown}
Potions
 g - 2 potions of mutation {unknown}
 j - a potion of magic {unknown}
 l - a potion of curing {unknown}


   Skills:
 + Level 3.3 Fighting
 * Level 5.4 Ranged Weapons
 - Level 2.1 Dodging
 - Level 0.7 Stealth


You had 2 spell levels left.
You didn't know any spells.
Your spell library contained the following spells:

 Spells                   Type           Power      Damage    Failure   Level
 Freeze                   Ice            0%         1d3       52%         1
 Frozen Ramparts          Ice            0%         1d1       88%         3
 Hailstorm                Conj/Ice       0%         3d3       88%         3


Dungeon Overview and Level Annotations

Branches:
Dungeon (2/15)

Altars:

Annotations:
D:2 Natasha


Innate Abilities, Weirdness & Mutations

You have a pair of horns on your head.
You reflexively headbutt those who attack you in melee.


Message History

Natasha casts a spell.
You shoot an arrow.
The arrow hits the cerulean imp but does no damage.
The cerulean imp disappears in a puff of smoke!
The cerulean imp closely misses you. You furiously retaliate!
You headbutt the cerulean imp, but do no damage.
You shoot an arrow. The arrow hits the cerulean imp.
The cerulean imp is lightly wounded.
The cerulean imp closely misses you.
The cerulean imp hits you with a +2 spear.
You shoot an arrow.
The arrow barely misses the cerulean imp.
The arrow barely misses Natasha.
The arrow barely misses the cerulean imp.
The cerulean imp hits you with a +2 spear.
The cerulean imp misses you. You furiously retaliate!
You headbutt the cerulean imp. You shoot an arrow.
The arrow hits the cerulean imp.
The cerulean imp is severely wounded.
You feel yourself speed up.
The cerulean imp hits you with a +2 spear. x2
You shoot an arrow. The arrow hits the cerulean imp.
The cerulean imp is almost dead.
The cerulean imp hits you with a +2 spear.
* * * LOW HITPOINT WARNING * * *
You shoot an arrow.
The arrow hits the cerulean imp but does no damage.
The cerulean imp is almost dead.
The cerulean imp hits you with a +2 spear.
* * * LOW HITPOINT WARNING * * *
The cerulean imp closely misses you. You furiously retaliate!
You headbutt the cerulean imp.
You kill the cerulean imp!
The cerulean imp disappears in a puff of smoke!
The cerulean imp disappears in a puff of smoke!
Natasha claws you but does no damage.
You shoot an arrow. The arrow hits Natasha.
Natasha is severely wounded.
Natasha claws you.
You die...

#..#......#..##.##.......#.######
........#.#..##..#.#.......#
#.........#........#########
...#..........##.###
####.####.....##.#
#.##.......##.# #.##.#.....##.#
#..........##.# ##.....######@#
#.....# #h# #.....# #ยง# #.....#
#.# ####### .#. # . . .#


You could see Natasha.

Vanquished Creatures
  2 adders (D:2)
  3 dart slugs
  3 endoplasms (D:1)
  3 hobgoblins
  3 ball pythons (D:1)
  5 bats
  A frilled lizard (D:1)
  4 goblins
  A kobold (D:1)
  A rat (D:1)
26 creatures vanquished.

Notes
Turn   | Place    | Note
-------+----------+-------------------------------------------
     0 | D:1      | porpoise the Minotaur Hunter began the quest for the Orb.
     0 | D:1      | Reached XP level 1. HP: 18/18 MP: 0/0
    96 | D:1      | Reached XP level 2. HP: 25/25 MP: 1/1
   210 | D:1      | Found a faded altar of an unknown god.
   414 | D:1      | Reached skill level 5 in Ranged Weapons
   637 | D:2      | Reached XP level 3. HP: 31/31 MP: 2/2
   809 | D:2      | Noticed Natasha
   826 | D:2      | Slain by Natasha

Illustrated notes

Levels and vault maps discovered:
D:1:      dpeg_arrival_ternary, layout_basic, ebering_ecumenical_altar_mist
D:2:      layout_loops_cross, lemuel_flame_loot_1, uniq_terence, uniq_natasha

Skill      XL: |  1  2 |
---------------+-------+-----
Fighting       | 3 |  3.3
Ranged Weapons | 5 |  5.4
Dodging        | |  2.1
Stealth        | |  0.7

Action                     || total
---------------------------++-------
   Fire: Shortbow          ||    78
 Armour: Leather armour    ||     8
  Dodge: Dodged            ||    19
